 Dungeon Crawl Stone Soup version 0.29.0-4-gdea44cf6ec (webtiles) character file.

Game seed: 933706029622763523

36 qw the Chopper (level 3, -4/21 HPs)
             Began as a Tengu Warper on Aug 28, 2022.
             Slain by Terence
             ... wielding a +0 hand axe
              (5 damage)
             ... on level 2 of the Dungeon.
             The game lasted 00:00:05 (1270 turns).

qw the Chopper (Tengu Warper)                       Turns: 1270, Time: 00:00:06

Health: -4/21      AC:  4    Str: 13    XL:     3   Next: 37%
Magic:  7/7        EV: 12    Int: 13    God:
Gold:   52         SH:  0    Dex: 13    Spells: 6/6 levels left

rFire   . . .      SeeInvis .   Y - +1 hand axe
rCold   . . .      Faith    .   (no shield)
rNeg    . . .      Spirit   .   b - +0 leather armour
rPois   .          Reflect  .   (helmet restricted)
rElec   .          Harm     .   d - +0 cloak
rCorr   .          Rampage  .   (no gloves)
Will    .....                   (boots unavailable)
Stlth   +.........              (no amulet)
HPRegen 0.07/turn               (no ring)
MPRegen 0.10/turn               (no ring)

@: no status effects
A: beak, talons 3
a: no special abilities


You were on level 2 of the Dungeon.
You visited 1 branch of the dungeon, and saw 2 of its levels.

You collected 52 gold pieces.


Innate Abilities, Weirdness & Mutations

You have a beak for a mouth.
You have claws for feet.


   Skills:
 - Level 2.0 Fighting
 + Level 4.1 Axes
 - Level 1.0 Throwing
 - Level 1.1 Armour
 - Level 2.1 Dodging
 - Level 2.0 Spellcasting
 - Level 2.4 Translocations


You had 6 spell levels left.
You didn't know any spells.
Your spell library contained the following spells:

 Spells                   Type           Power      Damage    Failure   Level
 Blink                    Tloc           14%        N/A       19%         2
 Gell's Gravitas          Tloc           7%         N/A       36%         3
 Lesser Beckoning         Tloc           7%         N/A       36%         3
 Teleport Other           Tloc           7%         N/A       36%         3
 Manifold Assault         Tloc           7%         N/A       98%         5

Inventory:

Hand Weapons
 e - a +0 whip
 Y - a +1 hand axe (weapon)
Missiles
 k - 4 javelins (quivered)
Armour
 b - a +0 leather armour (worn)
 d - a +0 cloak (worn)
Potions
 a - a potion of magic {unknown}
 g - a potion of attraction {unknown}
 i - a potion of brilliance {unknown}
 m - a potion of curing {unknown}

Dungeon Overview and Level Annotations

Branches:
Dungeon (2/15)

Altars:

Annotations:
D:2 Terence


Message History

Found an escape hatch in the ceiling.
There is a stone staircase leading up here.
Terence the Incautious comes into view.
He is wielding a +0 hand axe and wearing a +2 chain mail of positive energy.
Terence shouts!
You barely miss Terence. You peck Terence, but do no damage.
Terence hits you with a +0 hand axe.
You barely miss Terence. You claw Terence, but do no damage.
Your peck misses Terence. Terence hits you with a +0 hand axe.
You barely miss Terence. You peck Terence.
Terence is lightly wounded.
Terence hits you but does no damage.
You hit Terence. You claw Terence.
Terence is lightly wounded.
Terence hits you with a +0 hand axe.
You closely miss Terence. You claw Terence.
Terence is moderately wounded.
Terence barely misses you. Terence hits you but does no damage.
You hit Terence but do no damage. You claw Terence, but do no damage.
Terence is moderately wounded.
Terence hits you with a +0 hand axe.
You barely miss Terence. You claw Terence. You peck Terence, but do no damage.
Terence is heavily wounded.
Terence hits you but does no damage.
You hit Terence but do no damage. You claw Terence, but do no damage.
Terence is heavily wounded.
Terence hits you with a +0 hand axe.
You hit Terence but do no damage.
Terence is heavily wounded.
Terence hits you with a +0 hand axe.
You hit Terence but do no damage. Your kick misses Terence.
Terence is heavily wounded.
Terence hits you with a +0 hand axe.
You hit Terence. You claw Terence, but do no damage.
Terence is heavily wounded.
Terence hits you with a +0 hand axe.
You hit Terence.
Terence is severely wounded.
Terence hits you with a +0 hand axe.
You die...

#.# #.#.# #
#.#.# #.##
#.#.#
...#.#.#
#.#.#.#
#..<#.#
...####.#@#
........@.#
#.#####+###


You could see Terence.

Vanquished Creatures
  An adder (D:2)
  A dart slug (D:1)
  2 bats
  An endoplasm (D:1)
  A giant cockroach (D:1)
  A goblin (D:1)
  5 hobgoblins (D:1)
  4 kobolds (D:1)
  A quokka (D:2)
  3 ball pythons (D:1)
  4 rats
24 creatures vanquished.

Notes
Turn   | Place    | Note
-------+----------+-------------------------------------------
     0 | D:1      | qw the Tengu Warper began the quest for the Orb.
     0 | D:1      | Reached XP level 1. HP: 12/12 MP: 4/4
     0 | D:1      | 0 ||| qw: Version: 0.1-a-89-g26bdef1
     0 | D:1      | 0 ||| qw: Game counter: 2965
     0 | D:1      | 0 ||| qw: Always use a shield: true
     0 | D:1      | 0 ||| qw: God list: Okawaru
     0 | D:1      | 0 ||| qw: Allow faded altars: false
     0 | D:1      | 0 ||| qw: Do Orc after D:15 true
     0 | D:1      | 0 ||| qw: Do second Lair branch before Depths: true
     0 | D:1      | 0 ||| qw: Lair rune preference: random
     0 | D:1      | 0 ||| qw: Plans: Normal
     0 | D:1      | 0 ||| PLANNING D:1-11
    11 | D:1      | Noticed a komodo dragon
    11 | D:1      | Noticed a salamander
    11 | D:1      | Noticed a rime drake
    12 | D:1      | Noticed a black bear
    12 | D:1      | Noticed a hound
    81 | D:1      | HP: 3/12 [hobgoblin (2)]
   416 | D:1      | Reached XP level 2. HP: 17/17 MP: 6/6
   468 | D:1      | Reached skill level 3 in Axes
   778 | D:1      | You fall into a shaft and drop 1 floor!
   787 | D:2      | Identified the +5 sling of Xiuxum {vorpal, rF+ rN+ Dex+6}
   794 | D:2      | 794 ||| Stepping ~*~*~tactically~*~*~ (stealth).
   799 | D:2      | 799 ||| Stepping ~*~*~tactically~*~*~ (stealth).
   800 | D:2      | 800 ||| Stepping ~*~*~tactically~*~*~ (stealth).
   819 | D:2      | Reached XP level 3. HP: 20/21 MP: 7/7
   887 | D:2      | Reached skill level 4 in Axes
   925 | D:2      | 925 ||| UPGRADING to +0 cloak.
   930 | D:2      | 930 ||| READING 2 scrolls labelled GES NAITA FOPA.
   931 | D:2      | 931 ||| READING scroll labelled LIYXOEKEZE.
   932 | D:2      | 932 ||| READING scroll labelled JODOPS XAER.
   933 | D:2      | 933 ||| READING scroll labelled QAITES CYLA.
   934 | D:2      | 934 ||| DROPPING scroll of vulnerability.
   935 | D:2      | 935 ||| DROPPING scroll of blinking.
  1129 | D:1      | 1129 ||| READING scroll labelled VOFFEPH MEGUC.
  1258 | D:2      | Noticed Terence
  1268 | D:2      | HP: 5/21 [Terence/+0 hand axe (3)]
  1269 | D:2      | HP: 1/21 [Terence/+0 hand axe (4)]
  1270 | D:2      | Slain by Terence

Levels and vault maps discovered:
D:1:      onia_arrival_zoo_common, layout_loops_ring
D:2:      layout_basic, minmay_fountain_box,
          nicolae_concentric_dashed_squares_mild, roderic_three_in_a_row,
          uniq_terence

Skill      XL: |  1  2  3 |
---------------+----------+-----
Axes           | 3 4 |  4.1
Fighting       | |  2.0
Throwing       | |  1.0
Armour         | |  1.1
Dodging        | |  2.1
Spellcasting   | |  2.0
Translocations | |  2.4

Action                   || total
-------------------------++-------
Melee: Hand axe          ||    51
       Kick              ||    14
       Peck              ||     6
Throw: Boomerang         ||     7
       Javelin           ||     5
  Use: Scroll            ||     5
Armor: Leather armour    ||    13
Dodge: Dodged            ||    13

Table legend:
 A = Non-vault XP
 B = Vault XP
 C = Vault XP percentage of total XP
 D = Non-vault monster count
 E = Vault monster count
 F = Vault count percentage of total count
                 A         B        C        D         E       F
            +---------+---------+-------+---------+---------+-------
      Total |      52 |       0 |   0.0 |      24 |       0 |   0.0
            +---------+---------+-------+---------+---------+-------
        D:1 |      35 |       0 |   0.0 |      20 |       0 |   0.0
        D:2 |      17 |       0 |   0.0 |       4 |       0 |   0.0
            +---------+---------+-------+---------+---------+-------
